Unix NetHack Version 3.7.0-89 Work-in-progress - last build Nov 29 2023 03:14:05 (8663f69846b387d428bf56816b0fc57e108cd183,branch:master). Game began 2023-12-03 19:59:14, ended 2023-12-03 20:27:50. DoktorL, lawful female dwarven Valkyrie 0################## ------- #------------ #### |<....| -------- #|.......... #@##......| |.......#))%)%)|........ @| #|.....| |......| |(..... ...| #------- |....... ............@-@ ## |......| -)-----------@@ @ # |.......##)######## @ @0#)#@@###@#@#@0h # -------- # @ @ #@@#@########0 # # -|- @ | @ @ # ... G r @ @.. @ # $......@. |.@@@@ S ....).... ---- ......... --- DoktorL the Fighter St:15 Dx:14 Co:19 In:11 Wi:11 Ch:7 Lawful S:12230 Dlvl:15 $:728 HP:13(115) Pw:16(16) AC:-8 Xp:9/2693 T:7476 Blind Latest messages: The snake's bite was poisoned! Your spear slips from your hand. You begin bashing monsters with your bare hands. You hit the snake. The snake bites! The snake's bite was poisoned! You miss the snake. The snake bites! You hit the snake. The snake misses! You hit the snake. The snake bites! The snake misses! You hit the snake. The snake misses! You miss the snake. The snake misses! The snake misses! You miss the snake. The snake bites! You hit the snake. You hit the snake. The snake bites! You miss the snake. The snake misses! You hit the snake. The snake misses! You hit the snake. The snake turns to flee. You hit the snake. What do you want to put on? [fhuxV or ?*] You are now wearing a towel around your head. You can't see any more. You hit the snake. The invisible soldier misses! You hit the snake. You hit the snake. The invisible soldier hits! You miss the invisible soldier. The soldier hits! The invisible soldier hits! It is missed. It misses. You hit the invisible soldier. The soldier misses! The invisible soldier hits! It misses. # Really quit? [yn] (n) Do you want your possessions identified? [ynq] (y) Inventory: Coins $ - 728 gold pieces Weapons c - 3 +0 daggers Y - a +0 elven dagger (at the ready) E - a +0 dwarvish mattock Armor F - an uncursed +0 dwarvish iron helm (being worn) S - a cursed -1 pair of iron shoes (being worn) P - an uncursed +0 pair of water walking boots R - a blessed +2 shield of reflection (being worn) v - an uncursed +0 dwarvish cloak e - a cursed +0 Hawaiian shirt with an orchid motif Q - a blessed +2 gray dragon scale mail (being worn) Comestibles U - 4 uncursed C-rations B - 2 uncursed food rations W - 2 uncursed K-rations d - an uncursed lizard corpse Rings x - an uncursed ring of conflict h - an uncursed ring of free action f - a cursed -1 ring of increase accuracy u - a cursed -1 ring of increase damage Wands m - a wand of locking (0:3) i - a wand of make invisible (0:3) N - a wand of opening (0:5) O - a wand of sleep (0:6) D - a wand of undead turning (0:5) Tools t - a blessed greased bag of holding containing 24 items X - an uncursed bugle l - a cursed magic lamp y - an uncursed oil lamp s - an uncursed skeleton key z - a tinning kit (0:77) V - an uncursed towel (being worn) Gems/Stones I - an uncursed worthless piece of green glass Contents of the bag of holding: 3 uncursed scrolls of blank paper 2 uncursed scrolls of create monster 2 uncursed scrolls of earth an uncursed scroll of light 2 uncursed scrolls of amnesia a cursed scroll of magic mapping 2 blessed scrolls of teleportation an uncursed scroll of teleportation an uncursed scroll of enchant armor a blessed scroll of identify a cursed scroll of remove curse an uncursed potion of gain energy an uncursed potion of hallucination an uncursed potion of gain level an uncursed potion of gain ability 3 potions of holy water named uc a potion of unholy water an uncursed potion of monster detection a blessed potion of monster detection a blessed potion of object detection an uncursed potion of oil an uncursed potion of polymorph an uncursed potion of speed a wand of wishing (1:1) DoktorL the Valkyrie's attributes: Background: You were a Fighter, a level 9 dwarven Valkyrie. You were lawful, on a mission for Tyr who was opposed by Odin (neutral) and Loki (chaotic). You were in the Dungeons of Doom, on level 15. You entered the dungeon 7476 turns ago. You had 2693 experience points, 2427 more were needed to attain level 10. Your score was 12230 before end-of-game adjustments. Basics: You had 13 out of 115 hit points. You had all 16 energy points (spell power). Your armor class was -8. Your wallet contained 728 zorkmids. Autopickup was on for '$"?!/=' plus thrown, with exceptions. Final Characteristics: Your strength was 15 (limit:18/100). Your dexterity was 14 (limit:20). Your constitution was 19 (limit:20). Your intelligence was 11 (limit:16). Your wisdom was 11 (limit:16). Your charisma was 7 (limit:16). Final Status: You were deliberately blind. You weren't hungry. You were unencumbered. You were bare handed. You were unskilled in bare handed combat. Final Attributes: You were piously aligned. You were magic-protected. You were cold resistant. You were sleep resistant. You would have seen invisible when not blind. You were telepathic. You had infravision. You were stealthy. You were fast. You had reflection. You survived. Miscellaneous: You disabled loading of bones levels. Total elapsed playing time was 28 minutes and 36 seconds. Major events: Turn 1: DoktorL the lawful dwarven Valkyrie entered the dungeon 634: entered the Gnomish Mines 986: attained the rank of Skirmisher (level 3) 1036: reached Mine Town 2861: entered Sokoban 2899: made her first wish - "2 holy charging", got "a scroll labeled FOOBIE BLETCH" 2900: wished for "holy +2 gray dragon scale mail", got "a gray dragon scale mail" 2913: wished for "holy +2 shield of reflection", got "a polished silver shield" 2918: wished for "holy greased bag of holding", got "a greased bag" 2921: wished for "+1 long sword", got "a long sword" 3072: received Excalibur from a strange woman laying about in a pond 3309: attained the rank of Fighter (level 6) 7476: quit Vanquished creatures: a stalker 3 sergeants 3 small mimics a sasquatch a flaming sphere a gargoyle 2 leocrottas 5 soldiers an amorous demon a giant beetle a spotted jelly a black light 2 ogres a lizard 2 dogs a housecat a jaguar a dust vortex 2 water moccasins a Woodland-elf a bugbear an imp 2 wood nymphs 2 orc shamans 2 rock moles a pony 3 yellow lights 2 violet fungi 4 elf zombies a paper golem 2 giant ants 2 little dogs 6 floating eyes 2 dwarves a homunculus 3 rothes a centipede an iguana 7 killer bees a coyote a hobbit 3 manes a large kobold 3 hobgoblins 3 giant rats 6 cave spiders a red mold 3 gnomes a garter snake 6 geckos 4 foxes a kobold 2 goblins 3 sewer rats 15 grid bugs 3 bats 7 lichens a kobold zombie 6 newts 147 creatures vanquished. No species were genocided or became extinct. Voluntary challenges: You read items or engraved 12 times. You engraved Elbereth 1 time. You never had a pet. You never genocided any monsters. You never polymorphed an object. You never changed form. You used 5 wishes. You did not wish for any artifacts. You did not violate any of the special Sokoban rules. Achievements: You entered the Gnomish Mines. You attained the rank of Skirmisher. You entered Minetown. You entered a temple. You entered a shop. You entered Sokoban. You attained the rank of Fighter. The Dungeons of Doom: levels 1 to 15 Level 1: A fountain, a grave. Level 2: A fountain. Level 3: A fountain. Stairs down to The Gnomish Mines. Level 4: Level 5: Many fountains. Oracle of Delphi. Level 6: A fountain, a grave. Stairs up to Sokoban, level 5. Level 7: A general store. Level 8: Some fountains. Level 9: A fountain. Level 10: Level 11: Summoned by the Norn. Level 12: Level 13: Level 14: A general store, a sink, a grave. Level 15: <- You were here. The Gnomish Mines: levels 4 to 7 Level 4: Level 5: Level 6: Some shops, a temple and an altar, some fountains. Level 7: Sokoban: Level 5: Unsolved. Farvel DoktorL the Valkyrie... You quit in The Dungeons of Doom on dungeon level 15 with 12230 points, and 728 pieces of gold, after 7476 moves. You were level 9 with a maximum of 115 hit points when you quit.